 Dungeon Crawl Stone Soup version 0.30-a0-557-ge2afbf3030 (webtiles) character file.

Game seed: 18350590479089584088

1646 billz999 the Skirmisher (level 8, -3/57 HPs)
             Began as a Gnoll Hunter on Dec 27, 2022.
             Was an Elder of Makhleb.
             Slain by a komodo dragon (30 damage)
             ... on level 6 of the Dungeon.
             The game lasted 00:13:05 (5548 turns).

billz999 the Skirmisher (Gnoll Hunter)              Turns: 5548, Time: 00:13:06

Health: -3/57      AC:  5    Str: 14    XL:     8   Next: 99%
Magic:  13/13      EV: 14    Int:  7    God:    Makhleb [****..]
Gold:   146        SH:  5    Dex: 16    Spells: 12/14 levels left

rFire   . . .      SeeInvis .    a - +1 arbalest (flame)
rCold   . . .      Faith    .    (shield currently unavailable)
rNeg    + . .      Spirit   .    c - +0 leather armour
rPois   .          Reflect  +    w - +1 hat
rElec   .          Harm     .    (no cloak)
rCorr   .          Rampage  .    e - +0 pair of gloves
Will    .....                    (no boots)
Stlth   +++                      f - amulet of reflection
HPRegen 0.29/turn                v - ring of positive energy
MPRegen 0.13/turn                (no ring)

@: no status effects
A: fangs 1, strong nose, distributed training, antennae 1, dopey 1, frail 1,
strong 1
a: Renounce Religion, Minor Destruction, Lesser Servant of Makhleb, Major
Destruction


You were on level 6 of the Dungeon.
You worshipped Makhleb.
Makhleb was greatly pleased with you.
You visited 1 branch of the dungeon, and saw 6 of its levels.
You also visited: Sewer.

You collected 348 gold pieces.
You spent 202 gold pieces at shops.

Inventory:

Hand Weapons
 a - a +1 arbalest of flaming (weapon)
 k - a +2 dagger of venom
 o - a +0 shortbow
Missiles
 i - 26 poisoned darts
Armour
 c - a +0 leather armour (worn)
 e - a +0 pair of gloves (worn)
 w - a +1 hat (worn)
Jewellery
 f - an amulet of reflection (around neck)
 q - a ring of ice
 v - a ring of positive energy (left hand)
Scrolls
 b - a scroll of immolation
 g - 2 scrolls of teleportation
 h - 4 scrolls of blinking
 j - a scroll of vulnerability
 n - 2 scrolls of identify
 t - a scroll of enchant armour
 x - 2 scrolls of poison
Potions
 d - a potion of haste
 l - 2 potions of berserk rage
 m - 2 potions of attraction {unknown}
 r - 2 potions of curing
 s - 2 potions of flight
 u - a potion of mutation
 z - a potion of brilliance


   Skills:
 + Level 6.1 Fighting
 + Level 3.9 Short Blades
 + Level 3.9 Long Blades
 + Level 3.9 Axes
 + Level 3.9 Maces & Flails
 + Level 3.9 Polearms
 + Level 3.9 Staves
 + Level 9.4 Ranged Weapons
 + Level 3.9 Throwing
 + Level 3.9 Armour
 + Level 6.1 Dodging
 + Level 4.6 Stealth
 + Level 3.9 Shields
 + Level 3.9 Unarmed Combat
 + Level 3.9 Spellcasting
 + Level 3.2 Conjurations
 + Level 3.2 Hexes
 + Level 3.2 Summonings
 + Level 3.2 Necromancy
 + Level 3.2 Translocations
 + Level 3.2 Transmutations
 + Level 3.2 Fire Magic
 + Level 3.2 Ice Magic
 + Level 3.2 Air Magic
 + Level 3.2 Earth Magic
 + Level 3.2 Poison Magic
 + Level 4.3 Invocations
 + Level 3.9 Evocations


You had 12 spell levels left.
You knew the following spells:

 Your Spells              Type           Power      Damage    Failure   Level
a - Blink                 Tloc           10%        N/A       16%         2

Your spell library contained the following spells:

 Spells                   Type           Power      Damage    Failure   Level
 Foxfire                  Conj/Fire      20%        2x1d5     11%         1
 Manifold Assault         Tloc           5%         N/A       71%         4
 Fireball                 Conj/Fire      2%         3d4       96%         5
 Starburst                Conj/Fire      2%         6d3       100%        6
 Storm Form               Tmut/Air       2%         N/A       100%        7


Dungeon Overview and Level Annotations

Branches:
Dungeon (6/15)              Sewer (visited)
 Temple: D:4-7

Altars:
Makhleb
Xom

Shops:
D:3 (


Innate Abilities, Weirdness & Mutations

You have very sharp teeth.
Your uncanny sense of smell can sniff out nearby items.
Your experience applies equally to all skills.
You have a pair of small antennae on your head.
You are dopey. (Int -2)
You are frail. (-10% HP)
Your muscles are strong. (Str +4, Int/Dex -1)


Message History

n - 2 scrolls of identify (gained 1)
Found a stone staircase leading down.
Okay, then.
Found 4 stones.
You see here 4 stones.
You now have 146 gold pieces (gained 14).
A komodo dragon is nearby!
You shoot a bolt. The komodo dragon hisses angrily.
The bolt hits the komodo dragon.
The bolt burns the komodo dragon.
The komodo dragon is lightly wounded.
You shoot a bolt.
The bolt completely misses the komodo dragon.
You aren't carrying any items that you can evoke.
Unknown command.
A demon appears!
You shoot a bolt. The bolt hits the komodo dragon.
The bolt burns the komodo dragon.
The komodo dragon is moderately wounded.
The komodo dragon barely misses you.
Your smoke demon barely misses the komodo dragon.
Your smoke demon hits the komodo dragon.
Your smoke demon hits the komodo dragon but does no damage.
The komodo dragon barely misses you.
You shoot a bolt.
The bolt hits the komodo dragon but does no damage.
The komodo dragon is moderately wounded.
Your smoke demon hits the komodo dragon. x2
Your smoke demon hits the komodo dragon but does no damage.
The komodo dragon bites you!!
You are too injured to fight recklessly!
You are too injured to fight recklessly!
Unknown command.
Your smoke demon hits the komodo dragon.
Your smoke demon hits the komodo dragon but does no damage. x2
You see here 4 stones.
The komodo dragon attacks as you move away!
The komodo dragon bites you!!
Ouch! That really hurt!
You die...

#.. #.#.$ #.#.. #.#.#
#... #####.#.## #...
#........# ####...
#........# #..#...
#.....3l.# #..#...
#......@.# #..#...
#?.......# #..#...
#####.#.## #......
......#.##########......
........................
#######.##########......
...# #...... ###.#
#...... ### #......


You could see a komodo dragon (ally target) and a friendly smoke demon
(summoned).

Vanquished Creatures
  Grinder (D:3)
  Eustachio (D:4)
  An ice beast (D:6)
  A black bear (D:5)
  A phantom (D:4)
  A kobold brigand (D:6)
  2 bullfrogs (Sewer)
  A necrophage (D:6)
  5 scorpions
  An orc priest (D:3)
  2 hounds (D:4)
  2 iguanas (D:5)
  8 gnolls (D:2)
  11 adders
  A river rat (D:5)
  An ufetubus (D:3)
  6 worms
  8 dart slugs
  4 orcs (D:3)
  4 bats
  19 endoplasms
  10 giant cockroaches
  7 goblins
  8 hobgoblins
  13 quokkas
  14 ball pythons
  14 frilled lizards
  15 kobolds
  8 rats
170 creatures vanquished.

Notes
Turn   | Place    | Note
-------+----------+-------------------------------------------
     0 | D:1      | billz999 the Gnoll Hunter began the quest for the Orb.
     0 | D:1      | Reached XP level 1. HP: 20/20 MP: 1/1
   104 | D:1      | Reached XP level 2. HP: 26/26 MP: 2/2
   409 | D:1      | Found a faded altar of an unknown god.
   419 | D:1      | Prayed at the altar of an unknown god.
   419 | D:1      | Became a worshipper of Makhleb the Destroyer
   419 | D:1      | Reached * piety under Makhleb
   517 | D:1      | Reached XP level 3. HP: 31/31 MP: 3/3
  1250 | D:2      | Reached skill level 1 in Invocations
  1303 | D:2      | Reached skill level 1 in Short Blades
  1303 | D:2      | Reached skill level 1 in Long Blades
  1303 | D:2      | Reached skill level 1 in Axes
  1303 | D:2      | Reached skill level 1 in Maces & Flails
  1303 | D:2      | Reached skill level 1 in Polearms
  1303 | D:2      | Reached skill level 1 in Staves
  1303 | D:2      | Reached skill level 1 in Throwing
  1303 | D:2      | Reached skill level 1 in Armour
  1303 | D:2      | Reached skill level 1 in Shields
  1303 | D:2      | Reached skill level 1 in Unarmed Combat
  1303 | D:2      | Reached skill level 1 in Spellcasting
  1303 | D:2      | Reached skill level 1 in Evocations
  1408 | D:2      | Reached XP level 4. HP: 38/38 MP: 5/5
  1496 | D:2      | Found a shimmering altar of Xom.
  1605 | D:2      | Reached ** piety under Makhleb
  1614 | D:2      | Gained mutation: You are dopey. (Int -2) [potion of
                  | mutation]
  1614 | D:2      | Gained mutation: You are frail. (-10% HP) [potion of
                  | mutation]
  1614 | D:2      | Gained mutation: Your muscles are strong. (Str +4, Int/Dex
                  | -1) [potion of mutation]
  1614 | D:2      | Gained mutation: You have a pair of small antennae on your
                  | head. [potion of mutation]
  1617 | D:2      | Reached skill level 1 in Conjurations
  1617 | D:2      | Reached skill level 1 in Hexes
  1617 | D:2      | Reached skill level 1 in Summonings
  1617 | D:2      | Reached skill level 1 in Necromancy
  1617 | D:2      | Reached skill level 1 in Translocations
  1617 | D:2      | Reached skill level 1 in Transmutations
  1617 | D:2      | Reached skill level 1 in Fire Magic
  1617 | D:2      | Reached skill level 1 in Ice Magic
  1617 | D:2      | Reached skill level 1 in Air Magic
  1617 | D:2      | Reached skill level 1 in Earth Magic
  1617 | D:2      | Reached skill level 1 in Poison Magic
  1784 | D:2      | Reached XP level 5. HP: 32/38 MP: 5/7
  2500 | D:3      | Found Cagy's Antique Weapon Boutique.
  2580 | D:3      | Learned a level 2 spell: Blink
  2821 | D:3      | Noticed Grinder
  2829 | D:3      | Paralysed by Grinder for 5 turns
  2839 | D:3      | Paralysed by Grinder for 5 turns
  2846 | D:3      | Killed Grinder
  2847 | D:3      | Reached skill level 5 in Fighting
  2847 | D:3      | Reached skill level 5 in Dodging
  2847 | D:3      | Reached XP level 6. HP: 23/45 MP: 7/9
  2949 | D:3      | HP: 1/45 [orc priest/+0 whip (6)]
  2951 | D:3      | Reached XP level 7. HP: 1/50 MP: 10/10
  3390 | D:3      | Bought a glowing arbalest for 202 gold pieces
  3452 | D:4      | Noticed Eustachio
  3486 | D:4      | Killed Eustachio
  3825 | D:4      | Reached skill level 9 in Ranged Weapons
  3952 | D:4      | Reached *** piety under Makhleb
  4023 | D:5      | Entered Level 5 of the Dungeon
  4061 | D:4      | Reached XP level 8. HP: 55/56 MP: 12/12
  4614 | D:5      | Found a glowing drain.
  4620 | Sewer    | Entered a sewer
  4787 | Sewer    | Reached **** piety under Makhleb
  5070 | D:6      | Noticed a komodo dragon
  5548 | D:6      | Slain by a komodo dragon

Illustrated notes

Levels and vault maps discovered:
D:1:      scummos_arrival_simple_crosswalls, layout_basic,
          hellmonk_ecumenical_altar_zigzags, corexii_hall_statues_l,
          dreamdust_wishing_well, columned_hall_lemuel
D:2:      minmay_inner_zag, layout_basic, basic_altar,
          amcnicky_mini_rare_corridor_liquid, grunt_ministairs_15,
          chequers_serial_rivers_room_b, nicolae_titane
D:3:      layout_basic, serial_shops, nicolae_shop_advertising_works
          [nicolae_subvault_shop_adworks], uniq_grinder
D:4:      layout_loops_cross, uniq_eustachio
D:5:      layout_rooms, gup_sewer_entry_bubbles, hangedman_decor_peaks_small
D:6:      layout_basic, lemuel_blue_sif_altar, grunt_decor_arrowhead

Skill      XL: |  1  2  3  4  5  6  7  8 |
---------------+-------------------------+-----
Invocations    | 1 2 3 4 |  4.3
Short Blades   | 1 2 3 |  3.9
Long Blades    | 1 2 3 |  3.9
Axes           | 1 2 3 |  3.9
Maces & Flails | 1 2 3 |  3.9
Polearms       | 1 2 3 |  3.9
Staves         | 1 2 3 |  3.9
Throwing       | 1 2 3 |  3.9
Armour         | 1 2 3 |  3.9
Shields        | 1 2 3 |  3.9
Unarmed Combat | 1 2 3 |  3.9
Spellcasting   | 1 2 3 |  3.9
Evocations     | 1 2 3 |  3.9
Conjurations   | 1 2 3 |  3.2
Hexes          | 1 2 3 |  3.2
Summonings     | 1 2 3 |  3.2
Necromancy     | 1 2 3 |  3.2
Translocations | 1 2 3 |  3.2
Transmutations | 1 2 3 |  3.2
Fire Magic     | 1 2 3 |  3.2
Ice Magic      | 1 2 3 |  3.2
Air Magic      | 1 2 3 |  3.2
Earth Magic    | 1 2 3 |  3.2
Poison Magic   | 1 2 3 |  3.2
Stealth        | 3 4 |  4.6
Fighting       | 5 6 |  6.1
Dodging        | 5 6 |  6.1
Ranged Weapons | 9 |  9.4

Action                   |  1- 3 |  4- 6 |  7- 9 || total
-------------------------+-------+-------+-------++-------
Melee: Dagger            |       |    25 |    28 ||    53
       Bite              |       |     4 |     6 ||    10
 Fire: Shortbow          |    68 |   105 |     2 ||   175
       Arbalest          |       |       |   173 ||   173
Throw: Dart              |       |     5 |     8 ||    13
Invok: Lesser Servant of |       |       |     1 ||     1
  Use: Scroll            |     1 |       |    11 ||    12
       Potion            |       |     4 |     3 ||     7
Armor: Leather armour    |     1 |    16 |    17 ||    34
Dodge: Dodged            |     8 |    32 |    60 ||   100
Block: Other             |     2 |    13 |    23 ||    38
       Reflection        |     2 |       |       ||     2

Table legend: (Time is in decaauts)
 A = Elapsed time spent in this place.
 B = Non-inter-level travel time spent in this place.
 C = Inter-level travel time spent in this place.
 D = Time resting spent in this place.
 E = Time spent auto-exploring this place.
 F = Levels seen in this place.
 G = Mean time per level.
                   A        B        C        D        E       F      G
               +--------+--------+--------+--------+--------+-----+--------+
         Total |   5715 |   5261 |    454 |    658 |   3653 |   7 |  816.4 |
       Dungeon |   5385 |   4931 |    454 |    658 |   3507 |   6 |  897.5 |
         Sewer |    330 |    330 |      0 |      0 |    145 |   1 |  330.0 |
               +--------+--------+--------+--------+--------+-----+--------+

Top non-repeatable levels by time:
     D:2: 1274 daAuts
     D:1: 1236 daAuts
     D:3: 885 daAuts
     D:5: 696 daAuts
     D:4: 682 daAuts
     D:6: 609 daAuts
   Sewer: 330 daAuts
